 Dungeon Crawl Stone Soup version 0.21.1-1-g345015f (webtiles) character file.

432 vatarom the Conjurer (level 6, -9/52 HPs)
             Began as a Draconian Conjurer on Mar 23, 2018.
             Mangled by an ogre
             ... wielding a +0 giant spiked club
              (16 damage)
             ... on level 4 of the Dungeon.
             The game lasted 00:10:05 (4042 turns).

vatarom the Conjurer (Draconian Conjurer)           Turns: 4042, Time: 00:10:06

Health: -9/52      AC:  6    Str: 11    XL:     6   Next: 67%
Magic:  4/14       EV: 12    Int: 22    God:
Gold:   115        SH:  0    Dex: 11    Spells: 6/16 levels left

rFire    . . .     SeeInvis .   m - +2 scimitar (pain)
rCold    . . .     Gourm    .   (no shield)
rNeg     . . .     Faith    .   (armour unavailable)
rPois    .         Spirit   .   (helmet restricted)
rElec    .         Reflect  .   (no cloak)
rCorr    .         Harm     .   (no gloves)
MR       .....                  (no boots)
Stlth    ++........             (no amulet)
HPRegen  0.17/turn              (no ring)
MPRegen  0.14/turn              (no ring)

@: brilliant, very slightly contaminated
A: unfitting armour, cold-blooded, AC +6
a: no special abilities


You were on level 4 of the Dungeon.
You were not hungry.

You visited 1 branch of the dungeon, and saw 4 of its levels.

You collected 115 gold pieces.

Inventory:

Hand Weapons
 m - a +2 scimitar of pain (weapon)
Scrolls
 e - 2 scrolls of blinking
 g - a scroll of random uselessness
 k - 2 scrolls of teleportation
 n - a scroll of remove curse
Potions
 d - 2 potions of flight
 f - a potion of resistance
 h - a potion of agility {unknown}
 i - a potion of berserk rage {unknown}
 l - a potion of heal wounds {unknown}
 o - 2 potions of brilliance
 q - a potion of curing {unknown}
 r - a potion of degeneration {unknown}
Books
 a - a book of Conjurations

   Spells                             Type                      Level
   a - Magic Dart                     Conjuration                  1
   b - Searing Ray                    Conjuration                  2
   c - Dazzling Spray                 Conjuration/Hexes            3
   d - Fulminant Prism                Conjuration/Hexes            4
   e - Force Lance                    Conjuration/Translocation    4
   f - Iskenderun's Mystic Blast      Conjuration                  4
Comestibles
 b - 4 rations
 c - 4 chunks of flesh


   Skills:
 + Level 4.2 Fighting
 - Level 1.7 Dodging
 - Level 1.7 Stealth
 * Level 5.5 Spellcasting
 * Level 7.0 Conjurations


You had 6 spell levels left.
You knew the following spells:

 Your Spells              Type           Power        Failure   Level  Hunger
a - Magic Dart            Conj           ####         1%          1    None
b - Searing Ray           Conj           ######       1%          2    None
c - Dazzling Spray        Conj/Hex       ####..       1%          3    ##.....
d - Fulminant Prism       Conj/Hex       ####......   2%          4    ####...


Dungeon Overview and Level Annotations

Branches:
Dungeon (4/15)
 Temple: D:4-7

Altars:
Qazlal
Ru
Sif Muna
Uskayaw
Wu Jian


Innate Abilities, Weirdness & Mutations

Your plain brown scales are hard. (AC +6)
You cannot fit into any form of body armour.
You are cold-blooded and may be slowed by cold attacks.


Message History

The ogre is severely wounded. (Press . to maintain the ray.)
The ogre barely misses you.
The searing ray hits the ogre.
The ogre is severely wounded.
The ogre hits you with a giant spiked club!!
Ouch! That really hurt!
* * * LOW HITPOINT WARNING * * *
The searing ray hits the ogre.
The ogre is almost dead.
The ogre barely misses you.
Okay, then.
You see here 19 bolts.
You aren't carrying any items that you can evoke.
It was a potion of brilliance.
You feel clever all of a sudden.
There is an open door here.
There is an open door here.
The ogre hits you with a giant spiked club!
You die...

##...## #.
#....<# ##...##
.# ##.##
....###.####.#.#
#.............
#####.########
#O# #@# #.# #.#
########
.#######.#
.......<
.........#
.######[
.#######.#####
#. #.......##
.######.
#..........
..<.....
#.....#.###
.###.##.


You could see an ogre.

Vanquished Creatures
  Sigmund (D:4)
  Blork the orc (D:4)
  A crimson imp (D:2)
  An orc priest (D:3)
  An orc wizard (D:3)
  5 adders
  An ooze (D:2)
  2 worms (D:2)
  3 leopard geckos
  8 orcs
  2 giant cockroaches (D:3)
  A goblin (D:1)
  A hobgoblin (D:2)
  4 jackals (D:2)
  6 kobolds
  4 quokkas
  6 bats
  3 frilled lizards
  A leopard gecko skeleton (D:4)
  3 rats
55 creatures vanquished.

Vanquished Creatures (others)
  2 fulminant prisms
2 creatures vanquished.

Grand Total: 57 creatures vanquished

Notes
Turn   | Place    | Note
-------+----------+-------------------------------------------
     0 | D:1      | vatarom the Draconian Conjurer began the quest for the Orb.
     0 | D:1      | Reached XP level 1. HP: 14/14 MP: 3/3
   653 | D:1      | Reached skill level 6 in Conjurations
   653 | D:1      | Reached XP level 2. HP: 26/26 MP: 3/7
   717 | D:1      | Learned a level 2 spell: Searing Ray
   873 | D:2      | Reached XP level 3. HP: 31/31 MP: 5/9
  1052 | D:2      | Learned a level 3 spell: Dazzling Spray
  1648 | D:2      | Reached XP level 4. HP: 34/38 MP: 5/10
  1681 | D:2      | Learned a level 4 spell: Fulminant Prism
  2117 | D:2      | Found a hide-covered altar of Uskayaw.
  2136 | D:2      | Noticed a dagger
  2137 | D:2      | Noticed a dagger
  2328 | D:3      | Found a stormy altar of Qazlal.
  2329 | D:3      | Found a deep blue altar of Sif Muna.
  2386 | D:3      | Found an ornate altar of the Wu Jian Council.
  2463 | D:3      | Noticed an orc warrior
  2651 | D:3      | Reached XP level 5. HP: 45/45 MP: 10/12
  2914 | D:3      | Reached skill level 5 in Spellcasting
  3331 | D:3      | Found a sacrificial altar of Ru.
  3680 | D:4      | Noticed Blork the orc
  3694 | D:4      | Killed Blork the orc
  3694 | D:4      | Reached XP level 6. HP: 23/52 MP: 3/13
  3864 | D:4      | Noticed Sigmund
  3885 | D:4      | Killed Sigmund
  3885 | D:4      | Reached skill level 7 in Conjurations
  4042 | D:4      | Mangled by an ogre

Skill      XL: |  1  2  3  4  5  6 |
---------------+-------------------+-----
Fighting       | 3 4 |  4.2
Spellcasting   | 4 5 |  5.5
Conjurations   | 6 7 |  7.0
Dodging        | |  1.7
Stealth        | |  1.7

Action                   |  1- 3 |  4- 6 || total
-------------------------+-------+-------++-------
Melee: Dagger            |    34 |    63 ||    97
       Unarmed           |     3 |       ||     3
       Tailslap          |     5 |     5 ||    10
       Scimitar          |       |    15 ||    15
 Cast: Magic Dart        |    27 |     9 ||    36
       Searing Ray       |     7 |    12 ||    19
       Dazzling Spray    |     2 |     8 ||    10
       Fulminant Prism   |       |     2 ||     2
  Use: Scroll            |     5 |     3 ||     8
       Potion            |     1 |     1 ||     2
 Stab: Sleeping          |     1 |     1 ||     2
  Eat: Ration            |     1 |     2 ||     3
       Chunk             |       |     2 ||     2
Armor: Skin              |    29 |    28 ||    57
Dodge: Dodged            |    57 |    79 ||   136
       Rpst.: Scimitar   |       |     3 ||     3
